[Event "Titled Tuesday Blitz December 20 Late 2022"]
[White "Sjugirov, Sanan"]
[Black "Jobava, Baadur"]
[WhiteFideId "4189302"]
[BlackFideId "13601520"]
[WhiteElo "2613"]
[BlackElo "2582"]
[Result "0-1"]
[Round "10"]
[TimeControl "180+1"]
[Date "2022.12.20"]
[WhiteClock "0:00:02"]
[BlackClock "0:00:19"]

1. d4 d5 2. c4 dxc4 3. e4 Nf6 4. e5 Nd5 5. Bxc4 Bf5 6. Qb3 c6 7. Ne2 e6 8. O-O Be7 9. Ng3 Bg6 10. f4 Nb6 11. Be3 Nxc4 12. Qxc4 Nd7 13. Nc3 Nb6 14. Qe2 Qd7 15. Rad1 h5 16. Nge4 h4 17. Qf2 Rd8 18. h3 Nd5 19. Nc5 Qc8 20. a3 b6 21. N5e4 Qa6 22. Rc1 O-O 23. Nxd5 Rxd5 24. Ng5 Bxg5 25. fxg5 Qb5 26. b4 a5 27. bxa5 Qxa5 28. Rxc6 Rfd8 29. Qb2 Rb5 30. Qc1 Rb3 31. Rc8 Rxc8 32. Qxc8+ Kh7 33. Qc1 Rxa3 34. Bf2 Ra2 35. Qf4 Kg8 36. Rc1 Ra1 37. Bxh4 b5 38. Be1 Qa8 39. Rxa1 Qxa1 40. Qd2 Be4 41. Kh2 Bd5 42. Qc3 Qd1 43. Qd2 Qh5 44. Bf2 Qg6 45. Bg3 Qe4 46. h4 b4 0-1


[Site "https://www.chess.com"]

[Event "Titled Tuesday Blitz December 20 Late 2022"]
[White "Solon, Nathan"]
[Black "Flynn, Jacob"]
[WhiteFideId "2017229"]
[BlackFideId "2509393"]
[WhiteElo "2623"]
[BlackElo "2053"]
[Result "1-0"]
[Round "10"]
[TimeControl "180+1"]
[Date "2022.12.21"]
[WhiteClock "0:00:23"]
[BlackClock "0:00:12"]

1. Nf3 d5 2. g3 Nc6 3. d4 Bf5 4. Bg2 Nb4 5. Na3 e6 6. O-O Be7 7. c3 Nc6 8. c4 Nf6 9. b3 O-O 10. Nb5 Ne4 11. Bb2 a5 12. a4 Bb4 13. Rc1 h6 14. cxd5 exd5 15. Ba3 Bxa3 16. Nxa3 Nb4 17. Ne5 c6 18. Nb1 Qe7 19. Nd2 Nd6 20. Ndf3 Rae8 21. e3 Be4 22. Ne1 f6 23. N5d3 Bxd3 24. Nxd3 Ne4 25. Bxe4 Qxe4 26. Nxb4 axb4 27. Qd2 h5 28. Qc2 Qg4 29. Qd1 Qh3 30. Qf3 Re4 31. a5 h4 32. a6 bxa6 33. Rxc6 hxg3 34. hxg3 Rh4 35. Qg2 Qxg2+ 36. Kxg2 Re4 37. Ra1 Rb8 38. Raxa6 Re7 39. Ra5 Rd7 40. Rcc5 Rbd8 41. Rab5 g5 42. g4 Kf7 43. Rxb4 Ke6 44. Rb6+ Rd6 45. Rcc6 Rxc6 46. Rxc6+ Kf7 47. b4 Rb8 48. Rd6 Rxb4 49. Rxd5 Ke6 50. Ra5 Rb1 51. Ra6+ Kf7 52. d5 Rd1 53. e4 Rd3 54. f3 Ke7 55. Kg3 Rd1 56. Kf2 Rd3 57. Ke2 Rb3 58. Re6+ Kf7 59. Ra6 Ke7 60. Re6+ Kf7 61. e5 fxe5 62. Rxe5 Kf6 63. Rf5+ Kg6 64. d6 Rb6 65. Rd5 Rb8 66. d7 Rd8 67. Ke3 Kf6 68. Ke4 Ke6 69. Rd1 Kf6 70. Rd6+ Ke7 71. Ke5 Kf7 72. Kf5 Ke7 73. Rd3 Kf7 74. Kxg5 Kg7 75. f4 Kf7 76. f5 Ke7 77. Kf4 Kf7 78. g5 Ke7 79. g6 Kf6 80. Rd6+ Kg7 81. Kg5 Kh8 82. f6 Kg8 83. Re6 Kf8 84. Re8+ Rxe8 85. dxe8=Q+ Kxe8 86. Kh6 Kf8 87. Kh7 1-0


[Site "https://www.chess.com"]

[Event "Titled Tuesday Blitz December 20 Late 2022"]
[White "Souleidis, Georgios"]
[Black "Ter-Sahakyan, Samvel"]
[WhiteFideId "4206827"]
[BlackFideId "13302531"]
[WhiteElo "2401"]
[BlackElo "2585"]
[Result "1-0"]
[Round "10"]
[TimeControl "180+1"]
[Date "2022.12.20"]
[WhiteClock "0:00:02"]
[BlackClock "0:00:03"]

1. e4 c6 2. d4 d5 3. e5 Bf5 4. h4 h6 5. g4 Be4 6. f3 Bh7 7. e6 Qd6 8. exf7+ Kxf7 9. f4 Nf6 10. Nc3 Qe6+ 11. Be2 Nxg4 12. Nf3 Nd7 13. Ne5+ Ndxe5 14. fxe5 h5 15. Bg5 Bf5 16. Qd2 g6 17. Rf1 Bg7 18. O-O-O Rhf8 19. Bxg4 hxg4 20. h5 Kg8 21. Ne2 gxh5 22. Nf4 Qf7 23. Rh1 Bg6 24. Rh2 Qf5 25. Nxg6 Qxg6 26. Rdh1 g3 27. Rxh5 Qxh5 28. Rxh5 Rf1+ 29. Qd1 g2 30. Be3 Rxd1+ 31. Kxd1 Kf7 32. Ke2 Rg8 33. Rf5+ Ke8 34. Rg5 Kf7 35. Rxg2 e6 36. Kf3 Bf8 37. Rxg8 Kxg8 38. Kg4 Kf7 39. Kh5 Be7 40. Bg5 Bf8 41. Bh6 Bb4 42. c3 Ba5 43. Bg5 Bb6 44. b4 a5 45. a3 a4 46. Bf6 Ba7 47. Bg5 b6 48. Be3 Bb8 49. Kh6 Bc7 50. Kh7 Bd8 51. Kh6 Bh4 52. Bd2 Bf2 53. Kh5 Bg1 54. Kg4 c5 55. dxc5 bxc5 56. b5 c4 57. Kf3 Bc5 58. Be3 Bxa3 59. b6 1-0


[Site "https://www.chess.com"]

[Event "Titled Tuesday Blitz December 20 Late 2022"]
[White "Szyszylo, Rafal"]
[Black "Biernacki, Mark"]
[WhiteFideId "1109626"]
[BlackFideId "2082322"]
[WhiteElo "1981"]
[BlackElo "1970"]
[Result "1-0"]
[Round "10"]
[TimeControl "180+1"]
[Date "2022.12.21"]
[WhiteClock "0:00:08"]
[BlackClock "0:00:03"]

1. e4 c5 2. Nf3 e6 3. d4 cxd4 4. Nxd4 Nf6 5. Nc3 Nc6 6. Ndb5 Bc5 7. Be3 Qb6 8. Nd6+ Ke7 9. Nc4 Bxe3 10. Nxb6 Bxb6 11. Bc4 d6 12. O-O a6 13. Qd2 Bd7 14. Rad1 Bc7 15. f4 b5 16. Bd3 Rac8 17. f5 Ne5 18. fxe6 fxe6 19. Qg5 Rhf8 20. Qxg7+ Rf7 21. Qh6 Neg4 22. Qh4 Bb6+ 23. Kh1 Ne3 24. Rde1 Nxf1 25. Rxf1 Bd4 26. Nd1 Rg8 27. c3 Rg4 28. Qe1 Be5 29. Ne3 Rg5 30. Qf2 Rfg7 31. g3 Rh5 32. Kg2 Bc6 33. Qf3 Rhg5 34. Kf2 d5 35. exd5 Nxd5 36. Qf8+ Kd7 37. Nxd5 Bxd5 38. Ke2 Bd6 39. Rf7+ Rxf7 40. Qxf7+ Be7 41. Qxh7 Re5+ 42. Kd1 Bxa2 43. h4 Bb3+ 44. Kd2 Kd8 45. Be4 Bd6 46. Qg8+ Kc7 47. Qh7+ Kd8 48. h5 Rc5 49. h6 Bxg3 50. Qg8+ Ke7 51. Qxg3 Re5 52. Qg7+ Kd6 53. Qxe5+ Kxe5 54. h7 Kxe4 55. h8=Q e5 56. Qe8 Bc4 57. Qd8 Bd5 58. b4 Bc4 59. Qd6 Kf5 60. Ke3 Bf1 61. Qxa6 Bc4 62. Qb6 e4 63. Qd6 Bd3 64. Qf4+ Ke6 65. Kd4 Kd7 66. Qe5 Kc6 67. Qc5+ Kb7 68. Qe5 Kc6 69. Qe6+ Kb7 70. Kc5 Kc7 71. Qe7+ Kc8 72. Kc6 e3 73. Qc7# 1-0


[Site "https://www.chess.com"]

[Event "Titled Tuesday Blitz December 20 Late 2022"]
[White "Tarnowska, Aleksandra"]
[Black "Adel, Sara"]
[WhiteFideId "1180967"]
[BlackFideId "10616764"]
[WhiteElo "1776"]
[BlackElo "1997"]
[Result "1-0"]
[Round "10"]
[TimeControl "180+1"]
[Date "2022.12.21"]
[WhiteClock "0:00:19"]
[BlackClock "0:01:44"]

1. e4 c6 2. d4 d5 3. Nc3 dxe4 4. Nxe4 Bf5 5. Ng3 Bg6 6. h4 h6 7. h5 Bh7 8. Nf3 Nd7 9. Bd3 Bxd3 10. Qxd3 Ngf6 11. Be3 e6 12. O-O-O a5 13. Rhe1 a4 14. Bf4 Be7 15. Ne5 a3 16. b3 Nxe5 17. Bxe5 Bb4 18. c3 Ba5 19. Bxf6 Qxf6 20. Ne4 Qe7 21. Qg3 O-O-O 22. Qxg7 Rhg8 23. Qe5 Bc7 24. Qf6 Qxf6 25. Nxf6 Rxg2 26. Re2 Bf4+ 27. Kc2 Bg5 28. Ne4 Bh4 29. Rh1 Be7 30. Kd3 b6 31. f4 f5 32. Rxg2 fxe4+ 33. Kxe4 Kd7 34. Rg7 Rf8 35. Rhg1 Ke8 36. Rh7 Rf7 37. Rg8+ Bf8 38. Rxf7 Kxf7 39. Rg6 Bg7 40. f5 exf5+ 41. Kxf5 Bf8 42. Rxc6 b5 43. Rc7+ Ke8 44. Ke6 Kd8 45. Rf7 b4 46. Rxf8+ Kc7 47. cxb4 1-0


[Site "https://www.chess.com"]

[Event "Titled Tuesday Blitz December 20 Late 2022"]
[White "TheKnightOfBosnia"]
[Black "Clawitter, Craig"]
[BlackFideId "2023105"]
[WhiteElo "2421"]
[BlackElo "2221"]
[Result "1-0"]
[Round "10"]
[TimeControl "180+1"]
[Date "2022.12.21"]
[WhiteClock "0:01:10"]
[BlackClock "0:00:07"]

1. e4 e6 2. d4 d5 3. Nd2 Be7 4. c3 c5 5. Ngf3 cxd4 6. cxd4 dxe4 7. Nxe4 Nf6 8. Ng3 O-O 9. Bd3 Nc6 10. O-O b6 11. Bf4 Bb7 12. Rc1 Rc8 13. a3 Na5 14. Be5 Rxc1 15. Qxc1 Bxf3 16. gxf3 Qd7 17. b4 Rc8 18. Qb1 Nc6 19. Bxf6 Bxf6 20. Bxh7+ Kh8 21. Be4 Nxd4 22. Rd1 Qa4 23. Nh5 Qxd1+ 24. Qxd1 Rc1 25. Qxc1 Ne2+ 26. Kg2 Nxc1 27. Nxf6 gxf6 28. Kf1 Nb3 29. Ke2 f5 30. Bb7 Kg7 31. Kd3 Kf6 32. f4 Nc1+ 33. Kd2 Nb3+ 34. Kd3 Nc1+ 35. Ke3 Na2 36. Kd2 a5 37. b5 Ke7 38. Bf3 f6 39. Bd1 Kd6 40. Bb3 Nb4 41. axb4 axb4 42. h4 1-0


[Site "https://www.chess.com"]

[Event "Titled Tuesday Blitz December 20 Late 2022"]
[White "Thiel, Thomas"]
[Black "Broca Jimenez, Fernando"]
[WhiteFideId "4615964"]
[BlackFideId "5104742"]
[WhiteElo "2231"]
[BlackElo "2062"]
[Result "1/2-1/2"]
[Round "10"]
[TimeControl "180+1"]
[Date "2022.12.21"]
[WhiteClock "0:00:14"]
[BlackClock "0:00:20"]

1. e4 c5 2. Nc3 g6 3. d4 cxd4 4. Qxd4 Nf6 5. Be3 Nc6 6. Qd2 d6 7. f3 Bg7 8. Nge2 Qa5 9. O-O-O Be6 10. Kb1 O-O 11. Nf4 Bd7 12. h4 h5 13. Bc4 Rfc8 14. g4 hxg4 15. h5 Ne5 16. Bb3 g5 17. Ng6 Nxf3 18. Qf2 Rxc3 19. bxc3 Qxc3 20. Nxe7+ Kf8 21. Nd5 Nxe4 22. Nxc3 Nxf2 23. Bxf2 Bxc3 24. Rxd6 Bc6 25. h6 Nd2+ 26. Rxd2 Bxh1 27. Rd7 f6 28. Rf7+ Kg8 29. Rc7+ Kh8 30. Rxc3 Kh7 31. Rc7+ Kxh6 32. Rf7 Kg6 33. Bd4 Be4 34. Rxf6+ Kh5 35. Bf2 Rc8 36. Bf7+ Bg6 37. Bxg6+ Kh6 38. Bf5+ Kg7 39. Rg6+ Kf7 40. Bxc8 Kxg6 41. Bxg4 b6 42. Kc1 Kf6 43. Kd2 Ke5 44. Ke3 Kd5 45. Be2 a5 46. Bg3 b5 47. Bc7 Kc5 48. Bxa5 g4 49. Be1 b4 50. Bf2 Kb6 51. Kf4+ Ka5 52. Bc4 Ka4 53. Bb3+ Ka3 54. Kxg4 Kb2 55. Bd4+ Ka3 56. Bc5 Kb2 57. Bxb4 Ka1 58. a4 Kb2 59. a5 Ka1 60. a6 Kb2 61. a7 Ka1 62. a8=Q+ Kb2 63. Qa3+ Kb1 64. Qa2+ Kc1 65. c4 1/2-1/2


[Site "https://www.chess.com"]

[Event "Titled Tuesday Blitz December 20 Late 2022"]
[White "Tologon tegin, Semetei"]
[Black "Bambino Filho, Antonio Carlos"]
[WhiteFideId "13800574"]
[BlackFideId "2113163"]
[WhiteElo "2264"]
[BlackElo "2435"]
[Result "1-0"]
[Round "10"]
[TimeControl "180+1"]
[Date "2022.12.21"]
[WhiteClock "0:01:34"]
[BlackClock "0:00:42"]

1. e4 c5 2. Nf3 d6 3. d4 cxd4 4. Nxd4 Nf6 5. Nc3 a6 6. a3 e6 7. Bc4 b5 8. Ba2 Be7 9. Be3 O-O 10. Qe2 Bb7 11. f3 Nbd7 12. O-O-O Nb6 13. g4 Qc7 14. g5 Nfd7 15. h4 Ne5 16. Bxe6 Nbc4 17. Bd5 Rac8 18. Nf5 Rfe8 19. f4 Nxe3 20. Nxe3 Nc4 21. Nxc4 bxc4 22. h5 Bxd5 23. Nxd5 Qc5 24. g6 fxg6 25. hxg6 hxg6 26. Qg4 1-0


[Site "https://www.chess.com"]

[Event "Titled Tuesday Blitz December 20 Late 2022"]
[White "Torres Dominguez, David"]
[Black "Radovanovic, Dusan"]
[WhiteFideId "2220857"]
[BlackFideId "926868"]
[WhiteElo "2037"]
[BlackElo "2337"]
[Result "0-1"]
[Round "10"]
[TimeControl "180+1"]
[Date "2022.12.21"]
[WhiteClock "0:00:34"]
[BlackClock "0:02:24"]

1. e4 c5 2. Nf3 d6 3. d4 cxd4 4. Nxd4 Nf6 5. Nc3 g6 6. Be3 Bg7 7. f3 O-O 8. Qd2 Nc6 9. O-O-O Bd7 10. g4 Rc8 11. h4 Ne5 12. h5 Qa5 13. Kb1 Nxf3 14. Nxf3 Rxc3 15. Qxc3 Qxc3 16. bxc3 Bxg4 17. Be2 Nxe4 18. Nd4 Nxc3+ 19. Kc1 Nxe2+ 20. Nxe2 Bxe2 21. Rd2 Bxh5 22. Bd4 Bh6 23. Rh2 a6 24. Kb2 Bxd2 25. Rxd2 Bf3 0-1


[Site "https://www.chess.com"]

[Event "Titled Tuesday Blitz December 20 Late 2022"]
[White "Vega Gutierrez, Sabrina"]
[Black "Musovic, Armin"]
[WhiteFideId "2219026"]
[BlackFideId "939935"]
[WhiteElo "2261"]
[BlackElo "2288"]
[Result "1-0"]
[Round "10"]
[TimeControl "180+1"]
[Date "2022.12.21"]
[WhiteClock "0:00:58"]
[BlackClock "0:00:45"]

1. e4 c6 2. d4 d5 3. e5 c5 4. dxc5 e6 5. a3 Nc6 6. f4 a5 7. Be3 Nh6 8. Nf3 Ng4 9. Bg1 h5 10. Nc3 Be7 11. Nb5 O-O 12. Qd2 a4 13. O-O-O Bd7 14. h3 Nh6 15. g4 Na5 16. Nd6 Qc7 17. f5 Rfb8 18. f6 Bf8 19. fxg7 Bxg7 20. Be3 hxg4 21. Bxh6 Nb3+ 22. cxb3 Qxc5+ 23. Kb1 axb3 24. Rc1 Qc2+ 25. Rxc2 bxc2+ 26. Kc1 Bxh6 27. Qxh6 1-0


[Site "https://www.chess.com"]

[Event "Titled Tuesday Blitz December 20 Late 2022"]
[White "Young, Ryan"]
[Black "Liu, Kelsey"]
[WhiteFideId "2049945"]
[BlackFideId "30944481"]
[WhiteElo "2431"]
[BlackElo "2302"]
[Result "1-0"]
[Round "10"]
[TimeControl "180+1"]
[Date "2022.12.21"]
[WhiteClock "0:01:29"]
[BlackClock "0:01:18"]

1. e4 c5 2. c3 Nf6 3. e5 Nd5 4. Nf3 Nc6 5. Bc4 Nb6 6. Bb3 c4 7. Bc2 d6 8. exd6 Qxd6 9. O-O Bg4 10. Re1 e6 11. b3 Qc7 12. Na3 cxb3 13. axb3 a6 14. d4 Be7 15. Nc4 Nxc4 16. bxc4 O-O 17. c5 b6 18. cxb6 Qxb6 19. Bf4 Rfc8 20. h3 Bh5 21. Bxh7+ Kxh7 22. Ng5+ Bxg5 23. Qxh5+ Bh6 24. Bxh6 gxh6 25. Qxf7+ Kh8 26. Rxe6 1-0


[Site "https://www.chess.com"]

[Event "Titled Tuesday Blitz December 20 Late 2022"]
[White "Zakhartsov, Vladimir"]
[Black "Keymer, Vincent"]
[WhiteFideId "4145097"]
[BlackFideId "12940690"]
[WhiteElo "2535"]
[BlackElo "2600"]
[Result "0-1"]
[Round "10"]
[TimeControl "180+1"]
[Date "2022.12.20"]
[WhiteClock "0:00:01"]
[BlackClock "0:00:05"]

1. c4 Nf6 2. Nc3 e5 3. Nf3 Nc6 4. e3 Bb4 5. Qc2 Bxc3 6. bxc3 e4 7. Ng5 Qe7 8. f3 exf3 9. Nxf3 O-O 10. Be2 d6 11. O-O Bg4 12. d3 a6 13. e4 h6 14. h3 Bh5 15. Nh4 Bg6 16. Nxg6 fxg6 17. Be3 Kh8 18. Rf2 b5 19. cxb5 axb5 20. a4 d5 21. Rff1 bxa4 22. Rxa4 Rfe8 23. Rxa8 Rxa8 24. Bf3 dxe4 25. dxe4 Ne5 26. Be2 Re8 27. Re1 g5 28. Bd4 c5 29. Bf2 g4 30. hxg4 Nexg4 31. Bg3 Qxe4 32. Qxe4 Rxe4 33. Bf3 Rxe1+ 34. Bxe1 Ne5 35. Be2 Ne4 36. Ba6 Kg8 37. Bb7 Nf6 38. Bg3 Nfg4 39. c4 Kf7 40. Bd5+ Kf6 41. Bf4 g5 42. Bc1 Ke7 43. Kf1 Nf6 44. Ba3 Kd6 45. Ba8 Nxc4 46. Bc1 Nd5 47. Bb7 Na5 48. Ba6 Nc6 49. Kf2 Ne5 50. Ke2 c4 51. Ba3+ Ke6 52. Bc8+ Kf6 53. Bb2 c3 54. Ba1 Nf4+ 55. Kf2 c2 0-1


[Site "https://www.chess.com"]

[Event "Titled Tuesday Blitz December 20 Late 2022"]
[White "aidenzhouu"]
[Black "Aghasiyev, Kamal"]
[BlackFideId "13402854"]
[WhiteElo "2393"]
[BlackElo "2341"]
[Result "0-1"]
[Round "10"]
[TimeControl "180+1"]
[Date "2022.12.21"]
[WhiteClock "0:00:26"]
[BlackClock "0:00:20"]

1. Nf3 d5 2. c4 e6 3. d4 Nf6 4. g3 dxc4 5. Bg2 a6 6. O-O Nc6 7. e3 Rb8 8. Qc2 b5 9. b3 Nb4 10. Qe2 cxb3 11. axb3 Bb7 12. Ba3 Bd6 13. Rc1 O-O 14. Bxb4 Bxb4 15. Ne5 Bxg2 16. Kxg2 Qd5+ 17. Qf3 Qxb3 18. Rxa6 Qb2 19. Nd3 Qb3 20. Nxb4 Qxb4 21. Nc3 Qb2 22. Qd1 Rfd8 23. Ra2 Qb4 24. Rb1 Qc4 25. Qb3 Qc6+ 26. f3 e5 27. dxe5 Ng4 28. Ne4 Nxe5 29. Rc2 Nc4 30. Qc3 Nxe3+ 31. Kh3 Qh6# 0-1


[Site "https://www.chess.com"]

[Event "Titled Tuesday Blitz December 20 Late 2022"]
[White "benny_aizenberg"]
[Black "Bjelobrk, Igor"]
[BlackFideId "4300726"]
[WhiteElo "2423"]
[BlackElo "2335"]
[Result "0-1"]
[Round "10"]
[TimeControl "180+1"]
[Date "2022.12.21"]
[WhiteClock "0:00:07"]
[BlackClock "0:00:29"]

1. e4 c5 2. Nf3 e6 3. d4 cxd4 4. Nxd4 Nf6 5. Nc3 Nc6 6. Nxc6 bxc6 7. e5 Nd5 8. Ne4 Qc7 9. f4 Rb8 10. c4 Bb4+ 11. Ke2 O-O 12. a3 Be7 13. cxd5 cxd5 14. Nd6 Bxd6 15. exd6 Qxd6 16. b4 f6 17. g3 e5 18. Bg2 d4 19. Qb3+ Kh8 20. Qd5 Qa6+ 21. Kf2 Bb7 22. b5 Qb6 23. Qb3 Bxg2 24. Kxg2 Qxb5 25. Qxb5 Rxb5 26. Ra2 Rc8 27. Kf3 d5 28. fxe5 fxe5 29. Ke2 Kg8 30. Bd2 e4 31. Rc1 Rxc1 32. Bxc1 Kf7 33. Rb2 Rc5 34. Rb7+ Ke6 35. Bf4 Rc2+ 36. Kd1 Rxh2 37. Rxg7 e3 38. Rxa7 Kf5 39. Re7 Kg4 40. Rf7 Kf3 41. Bb8+ Ke4 42. Ba7 Kd3 43. Ke1 Ra2 44. Kf1 Rxa3 45. Re7 Ra1+ 46. Kg2 e2 47. Bxd4 e1=Q 48. Rxe1 Rxe1 49. Bf6 Re6 50. Ba1 d4 51. Kf2 Kc4 52. Kf3 d3 0-1


[Site "https://www.chess.com"]

[Event "Titled Tuesday Blitz December 20 Late 2022"]
[White "monkins"]
[Black "Da Silva Junior, Sediney Mari"]
[BlackFideId "2132079"]
[WhiteElo "2236"]
[BlackElo "1996"]
[Result "1-0"]
[Round "10"]
[TimeControl "180+1"]
[Date "2022.12.21"]
[WhiteClock "0:01:15"]
[BlackClock "0:00:29"]

1. Nf3 f5 2. g3 Nf6 3. Bg2 d6 4. c4 c6 5. Nc3 e5 6. d3 Be7 7. O-O O-O 8. b4 Be6 9. b5 Bf7 10. bxc6 bxc6 11. Ng5 h6 12. Nxf7 Rxf7 13. Rb1 Qc7 14. Qa4 Rf8 15. Ba3 Rc8 16. Rb3 Nbd7 17. Rfb1 Nb6 18. Qa5 f4 19. c5 dxc5 20. Bxc5 Bxc5 21. Qxc5 Nbd5 22. Nxd5 cxd5 23. Bxd5+ Nxd5 24. Qxd5+ Kh7 25. Rb7 Qc2 26. Qxe5 Rg8 27. R7b2 Qc6 28. Qxf4 Raf8 29. Qe4+ Qxe4 30. dxe4 1-0


[Site "https://www.chess.com"]

[Event "Titled Tuesday Blitz December 20 Late 2022"]
[White "reevecanada"]
[Black "ArchibaldCerveza29"]
[WhiteElo "2395"]
[BlackElo "2450"]
[Result "1-0"]
[Round "10"]
[TimeControl "180+1"]
[Date "2022.12.21"]
[WhiteClock "0:00:18"]
[BlackClock "0:00:03"]

1. e4 e5 2. Nf3 Nc6 3. d4 exd4 4. Nxd4 Bc5 5. Nb3 Bb6 6. Nc3 Nf6 7. Qe2 d6 8. Be3 O-O 9. O-O-O Re8 10. f3 Be6 11. g4 Bxe3+ 12. Qxe3 a5 13. h4 a4 14. Na1 d5 15. g5 d4 16. Qf2 Nh5 17. Ne2 Bxa2 18. Nxd4 Nxd4 19. Rxd4 Qe7 20. f4 Rad8 21. Bb5 c6 22. Bxa4 Rxd4 23. Qxd4 Nxf4 24. Re1 Be6 25. Bb3 Rd8 26. Qe5 Ng6 27. Qg3 Qd6 28. Qxd6 Rxd6 29. e5 Rd4 30. h5 Nf4 31. Bxe6 Nxe6 32. Nb3 Rh4 33. Na5 Rxh5 34. Nxb7 Rxg5 35. Nd6 h5 36. b4 h4 37. c4 h3 38. Rh1 Nf4 39. b5 cxb5 40. cxb5 Rxe5 41. b6 Rc5+ 42. Kb2 Rc6 43. b7 Rb6+ 44. Kc2 g5 45. Rb1 Rxb7 46. Rxb7 h2 47. Rb1 g4 48. Nf5 Nh5 49. Ne3 g3 50. Ng2 f5 51. Kd3 f4 52. Ke4 Kg7 53. Kf3 Kg6 54. Rf1 Kg5 55. Re1 Kf5 56. Rh1 Kg5 57. Ne1 Nf6 58. Kg2 Ne4 59. Nd3 Kg4 60. Ne5+ Kf5 61. Nd3 Ng5 62. Rf1 f3+ 63. Kxg3 Ke4 64. Nf2+ Ke3 65. Kxh2 Ke2 66. Kg1 Ne6 67. Nh1 Nf4 68. Rf2+ Ke3 69. Kf1 Nh3 70. Rh2 Nf4 71. Nf2 Ne2 72. Rh4 Ng3+ 73. Ke1 1-0


[Site "https://www.chess.com"]

[Event "Titled Tuesday Blitz December 20 Late 2022"]
[White "Aghasiyev, Kamal"]
[Black "Arnold, Ken"]
[WhiteFideId "13402854"]
[BlackFideId "2056836"]
[WhiteElo "2341"]
[BlackElo "2371"]
[Result "1-0"]
[Round "11"]
[TimeControl "180+1"]
[Date "2022.12.21"]
[WhiteClock "0:00:24"]
[BlackClock "0:00:02"]

1. d4 d5 2. c4 c6 3. Nf3 Nf6 4. e3 Bg4 5. h3 Bxf3 6. Qxf3 e6 7. Bd3 Nbd7 8. O-O Bd6 9. Nc3 O-O 10. cxd5 exd5 11. Bd2 Re8 12. Rab1 a5 13. Rfe1 Qc7 14. g4 h6 15. h4 Bb4 16. Rbc1 Bxc3 17. Bxc3 Ne4 18. Kg2 Re6 19. Bxe4 Rxe4 20. Rg1 Nf6 21. Kf1 Nh7 22. Qg3 Qxg3 23. Rxg3 a4 24. Bd2 Rae8 25. Rc5 R4e6 26. Ra5 b5 27. Ra6 Nf6 28. f3 h5 29. g5 Nd7 30. Kf2 g6 31. Rg1 Rb8 32. Rc1 Nb6 33. b3 axb3 34. axb3 Kh7 35. Ba5 Ra8 36. Rxa8 Nxa8 37. Ra1 Re7 38. Bd8 Re8 39. Rxa8 1-0


[Site "https://www.chess.com"]

[Event "Titled Tuesday Blitz December 20 Late 2022"]
[White "Alex_Sahakyan2006"]
[Black "Ronka, Erik"]
[BlackFideId "505080"]
[WhiteElo "2630"]
[BlackElo "2527"]
[Result "1-0"]
[Round "11"]
[TimeControl "180+1"]
[Date "2022.12.21"]
[WhiteClock "0:01:44"]
[BlackClock "0:00:36"]

1. e4 c6 2. Nc3 d5 3. Nf3 dxe4 4. Nxe4 Nd7 5. Bc4 Ngf6 6. Neg5 e6 7. Nxf7 Kxf7 8. Ng5+ Ke8 9. Nxe6 Qe7 10. O-O Ne5 11. Re1 Qd6 12. d4 Nxc4 13. Bf4 Qxe6 14. Qd3 Kf7 15. Rxe6 Bxe6 16. b3 Nb6 17. c4 Rd8 18. Be5 Be7 19. Re1 Rhe8 20. h3 Rd7 21. g4 h6 22. f4 Rdd8 23. g5 Ng8 24. Qh7 Bf8 25. f5 Bc8 26. Qg6+ Ke7 27. f6+ Kd7 28. f7 1-0


[Site "https://www.chess.com"]

[Event "Titled Tuesday Blitz December 20 Late 2022"]
[White "Andreassen, Lars"]
[Black "Muhammad, Shahzeb"]
[WhiteFideId "1504878"]
[BlackFideId "7804806"]
[WhiteElo "2119"]
[BlackElo "2391"]
[Result "1-0"]
[Round "11"]
[TimeControl "180+1"]
[Date "2022.12.21"]
[WhiteClock "0:02:00"]
[BlackClock "0:00:37"]

1. d4 Nf6 2. Nf3 e6 3. Bg5 c5 4. e3 Nc6 5. c3 cxd4 6. exd4 d5 7. Bd3 Be7 8. O-O O-O 9. Re1 h6 10. Bh4 b6 11. Nbd2 Bb7 12. Qe2 a6 13. a4 Na5 14. Ne5 Nd7 15. Bxe7 Qxe7 16. f4 Nxe5 17. fxe5 Rfe8 18. Rf1 Nc6 19. Rf4 Rf8 20. Raf1 Nb8 21. Qh5 Nd7 22. Rg4 Kh8 23. Rf3 f5 24. exf6 Nxf6 25. Qg6 Kg8 26. Rxf6 Qxf6 27. Qh7+ Kf7 28. Nf3 Rh8 29. Ne5+ Ke7 30. Rxg7+ Kd6 31. Rd7# 1-0


[Site "https://www.chess.com"]

[Event "Titled Tuesday Blitz December 20 Late 2022"]
[White "Ansh M Shah"]
[Black "Fiorito, Francisco"]
[WhiteFideId "25033379"]
[BlackFideId "180165"]
[WhiteElo "2431"]
[BlackElo "2571"]
[Result "0-1"]
[Round "11"]
[TimeControl "180+1"]
[Date "2022.12.21"]
[WhiteClock "0:00:01"]
[BlackClock "0:00:13"]

1. d4 Nf6 2. c4 g6 3. h4 h5 4. Nc3 d5 5. Bg5 dxc4 6. e4 Bg7 7. Bxc4 c6 8. Nf3 O-O 9. Ne5 Nbd7 10. f3 Qb6 11. Qb3 Qxb3 12. Bxb3 e6 13. O-O-O a5 14. Na4 b5 15. Nc3 a4 16. Bc2 Bb7 17. Kb1 Rfc8 18. Rd2 a3 19. b3 Ba6 20. Ne2 Nxe5 21. dxe5 Nh7 22. Bf4 c5 23. Rhd1 Nf8 24. Bg3 b4 25. f4 Rab8 26. Bd3 c4 27. bxc4 Bxc4 28. Bxc4 Rxc4 29. Rd4 Rc7 30. Nc1 Rbc8 31. Be1 Rc2 32. R4d2 R2c4 33. Rd4 g5 34. hxg5 Ng6 35. g3 h4 36. Rd8+ Rxd8 37. Rxd8+ Kh7 38. f5 Nxe5 39. f6 Bh8 40. gxh4 Nf3 41. Bf2 Rxe4 42. Nd3 Re2 43. Bc5 Nd2+ 44. Kc2 Ne4+ 45. Kd1 Rxa2 46. Bxb4 Ra1+ 47. Kc2 Nxf6 48. gxf6 Bxf6 49. Kb3 Bxd8 50. Bxa3 Rh1 51. Kc4 Rxh4+ 52. Kc3 Rh3 53. Kc4 f5 54. Bd6 Bf6 55. Nf4 Rh4 0-1


[Site "https://www.chess.com"]

[Event "Titled Tuesday Blitz December 20 Late 2022"]
[White "Araujo, Everson De Moura"]
[Black "Antonio, Jorge Carlos"]
[WhiteFideId "22737197"]
[BlackFideId "113190"]
[WhiteElo "2035"]
[BlackElo "2247"]
[Result "0-1"]
[Round "11"]
[TimeControl "180+1"]
[Date "2022.12.21"]
[WhiteClock "0:00:20"]
[BlackClock "0:00:22"]

1. c4 e5 2. Nc3 Nc6 3. Nf3 f5 4. d3 Nf6 5. g3 Bb4 6. Bd2 d6 7. Bg2 O-O 8. a3 Bxc3 9. Bxc3 Qe8 10. O-O Qh5 11. b4 Ng4 12. e3 Qh6 13. h3 Nf6 14. d4 e4 15. Ne1 Ne7 16. d5 Bd7 17. Nc2 Ba4 18. Qd2 Bd7 19. Nd4 g5 20. Bb2 Rae8 21. Rad1 Ng6 22. Qc3 Ne5 23. f4 exf3 24. Nxf3 Ne4 25. Qd4 Nxg3 26. Nxe5 Ne2+ 27. Kh1 Nxd4 28. Nxd7 Rf7 29. Bxd4 Rxd7 30. Rxf5 Rf7 31. Rdf1 Rxf5 32. Rxf5 g4 33. Rf6 Qh4 34. Rf4 Qe1+ 35. Rf1 Qe2 36. hxg4 Rxe3 37. Bxe3 Qxe3 38. Rf3 Qc1+ 39. Kh2 Qxc4 40. Re3 Kf7 41. Re6 Qf4+ 42. Kh3 c6 43. Re3 Qxe3+ 0-1


[Site "https://www.chess.com"]

[Event "Titled Tuesday Blitz December 20 Late 2022"]
[White "ArchibaldCerveza29"]
[Black "Sanchez, Robert"]
[BlackFideId "2034360"]
[WhiteElo "2441"]
[BlackElo "2380"]
[Result "1-0"]
[Round "11"]
[TimeControl "180+1"]
[Date "2022.12.21"]
[WhiteClock "0:02:16"]
[BlackClock "0:01:09"]

1. d4 Nf6 2. c4 e6 3. Nc3 Bb4 4. f3 d5 5. a3 Be7 6. e4 dxe4 7. fxe4 e5 8. d5 Bc5 9. Nf3 a5 10. Nxe5 Qe7 11. Bf4 Nbd7 12. Nxd7 Nxe4 13. Ne5 Nxc3 14. bxc3 f6 15. Bd3 fxe5 16. Qh5+ Kd7 17. Bg5 g6 18. Qh3+ Ke8 19. Bxe7 Bxh3 20. Bxc5 Bxg2 21. Rg1 e4 1-0


[Site "https://www.chess.com"]